 Dungeon Crawl Stone Soup version 0.28-a0-1344-g6b9ff3a05d (webtiles) character file.

Game seed: 10373551490515523612

246 Deminshera the Chucker (level 5, -1/48 HPs)
             Began as a Troll Hunter on Dec 29, 2021.
             Splashed by a jelly's acid (5 damage)
             ... on level 3 of the Dungeon.
             The game lasted 00:02:24 (2083 turns).

Deminshera the Chucker (Troll Hunter)               Turns: 2083, Time: 00:02:25

Health: -1/48      AC: -12   Str: 22    XL:     5   Next: 84%
Magic:  4/4        EV:  9    Int:  7    God:
Gold:   85         SH:  0    Dex: 10    Spells: 4/4 levels left

rFire   . . .      SeeInvis .   (no weapon)
rCold   . . .      Faith    .   (no shield)
rNeg    . . .      Spirit   .   b - +0 robe
rPois   .          Reflect  .   (helmet restricted)
rElec   .          Harm     .   (no cloak)
rCorr   .          Rampage  .   (gloves unavailable)
Will    .....                   (boots unavailable)
Stlth   ++........              (no amulet)
HPRegen 0.96/turn               (no ring)
MPRegen 0.09/turn               (no ring)

@: corroded
A: large, unfitting armour, claws 3, regeneration 1, shaggy fur 1, tough skin 1
a: no special abilities


You were on level 3 of the Dungeon.
You visited 1 branch of the dungeon, and saw 3 of its levels.

You collected 85 gold pieces.

Inventory:

Missiles
 c - 4 large rocks (quivered)
 d - 2 throwing nets
Armour
 b - a +0 robe (worn)
Wands
 l - a wand of flame (14)
Scrolls
 a - 4 scrolls of identify {unknown}
 e - 3 scrolls of vulnerability {unknown}
 g - 2 scrolls of teleportation {unknown}
 h - a scroll of blinking {unknown}
 i - a scroll of noise {unknown}
 k - a scroll of enchant armour {unknown}
Potions
 f - 2 potions of lignification {unknown}
 j - a potion of heal wounds {unknown}


   Skills:
 - Level 1.5 Fighting
 + Level 5.8 Throwing
 - Level 1.5 Dodging
 - Level 2.0 Stealth


You had 4 spell levels left.
You didn't know any spells.
Your spell library contained the following spells:

 Spells                   Type           Power      Damage    Failure   Level
 Summon Guardian Golem    Hex/Summ       0%         N/A       80%         3
 Fireball                 Conj/Fire      0%         3d3       100%        5
 Iskenderun's Battlesphe  Conj           0%         2d6       100%        5
 Conjure Ball Lightning   Conj/Air       0%         3x3d6     100%        6
 Orb of Destruction       Conj           0%         N/A       100%        7
 Spellforged Servitor     Conj/Summ      0%         N/A       100%        7


Dungeon Overview and Level Annotations

Branches:
Dungeon (3/15)

Altars:


Innate Abilities, Weirdness & Mutations

You are too large for most types of armour.
You have claws for hands.
Your natural rate of healing is unusually fast.
You are covered in fur. (AC +1)
You have tough skin. (AC +1)


Message History

You are splashed with acid!
* * * LOW HITPOINT WARNING * * *
You are too injured to fight recklessly!
You are too injured to fight recklessly!
You are too injured to fight recklessly!
You are too injured to fight recklessly!
You are too injured to fight recklessly!
You are too injured to fight recklessly!
You are too injured to fight recklessly!
You are too injured to fight recklessly!
You are too injured to fight recklessly!
You are too injured to fight recklessly!
You are too injured to fight recklessly!
You are too injured to fight recklessly!
You are too injured to fight recklessly!
You are too injured to fight recklessly!
You are too injured to fight recklessly!
You scratch the jelly but do no damage. The acid corrodes you!
Your claws burn!
* * * LOW HITPOINT WARNING * * *
The jelly is lightly wounded.
The bat hits you.
* * * LOW HITPOINT WARNING * * *
The jelly barely misses you.
You scratch the jelly but do no damage.
Your claws burn!
* * * LOW HITPOINT WARNING * * *
The jelly is lightly wounded.
The bat barely misses you. The jelly completely misses you.
You scratch the jelly but do no damage.
Your claws burn!
* * * LOW HITPOINT WARNING * * *
The jelly is lightly wounded.
The bat hits you.
* * * LOW HITPOINT WARNING * * *
The jelly barely misses you.
The ball python hisses angrily.
You scratch the jelly.
Your claws burn!
* * * LOW HITPOINT WARNING * * *
The jelly is heavily wounded.
The bat completely misses you. The bat misses you. The jelly barely misses you.
You scratch the jelly but do no damage. The acid corrodes you!
Your claws burn!
You die...

####### ### #####
#....). ##.# #...#
#....ob ##..##+.8.#
#....JJ###'##..#...#
#@..#..#)#...###
#b..#.###'.8.'.#
#...+##.)#...#.###
.....##...#...#....
......#...#+.8.#....
#......+..#
#...#.... ##########
#####.... ##... ####


You could see a jelly, an orc, an endoplasm and 2 bats.

Vanquished Creatures
  A phantom (D:3)
  A water moccasin skeleton (D:2)
  7 adders (D:2)
  2 dart slugs (D:1)
  An orc (D:3)
  12 ball pythons
  4 endoplasms
  2 giant cockroaches
  4 goblins
  3 hobgoblins
  2 jackals (D:3)
  2 quokkas (D:1)
  7 bats
  3 frilled lizards
  7 kobolds
  4 rats
62 creatures vanquished.

Notes
Turn   | Place    | Note
-------+----------+-------------------------------------------
     0 | D:1      | Deminshera the Troll Hunter began the quest for the Orb.
     0 | D:1      | Reached XP level 1. HP: 19/19 MP: 0/0
   116 | D:1      | Reached skill level 1 in Stealth
   377 | D:1      | Reached XP level 2. HP: 27/27 MP: 1/1
   874 | D:2      | Reached skill level 4 in Throwing
   874 | D:2      | Reached XP level 3. HP: 26/33 MP: 2/2
   944 | D:2      | Reached XP level 4. HP: 41/41 MP: 3/3
  1659 | D:2      | Reached XP level 5. HP: 45/48 MP: 4/4
  1695 | D:2      | Reached skill level 5 in Throwing
  1857 | D:3      | Noticed a phantom
  1867 | D:3      | Killed a phantom
  2083 | D:3      | Splashed by a jelly's acid

Illustrated notes

Levels and vault maps discovered:
D:1:      ebering_trefoil_3fold, layout_basic
D:2:      layout_basic, minmay_snake_closets
D:3:      minmay_chambers_of_threes, layout_loops_ring, basic_ecumenical_altar

Skill      XL: |  1  2  3  4  5 |
---------------+----------------+-----
Stealth        | 1 2 |  2.0
Throwing       | 4 5 |  5.8
Fighting       | |  1.5
Dodging        | |  1.5

Action                   |  1- 3 |  4- 6 || total
-------------------------+-------+-------++-------
Melee: Unarmed           |    62 |   159 ||   221
Throw: Large rock        |       |     3 ||     3
 Stab: Sleeping          |       |     7 ||     7
Armor: Robe              |    29 |    70 ||    99
Dodge: Dodged            |    28 |    67 ||    95

Table legend: (Time is in decaauts)
 A = Elapsed time spent in this place.
 B = Non-inter-level travel time spent in this place.
 C = Inter-level travel time spent in this place.
 D = Time resting spent in this place.
 E = Time spent auto-exploring this place.
 F = Levels seen in this place.
 G = Mean time per level.
                   A        B        C        D        E       F      G
               +--------+--------+--------+--------+--------+-----+--------+
         Total |   2084 |   2064 |     20 |      0 |   1638 |   3 |  694.7 |
       Dungeon |   2084 |   2064 |     20 |      0 |   1638 |   3 |  694.7 |
               +--------+--------+--------+--------+--------+-----+--------+

Top non-repeatable levels by time:
     D:2: 974 daAuts
     D:1: 861 daAuts
     D:3: 248 daAuts
